 Dungeon Crawl Stone Soup version 0.31.0-32-g396128a36d (webtiles) character file.

Game seed: 6492699442922693073

86 Silvore the Covered (level 4, 0/41 HPs)
             Began as a Minotaur Fighter on Mar 13, 2024.
             Slain by a rat (2 damage)
             ... on level 3 of the Dungeon.
             The game lasted 00:01:27 (1755 turns).

Silvore the Covered (Minotaur Fighter)              Turns: 1755, Time: 00:01:28

Health: 0/41       AC: 10    Str: 22    XL:     4   Next: 27%
Magic:  3/3        EV:  8    Int:  5    God:
Gold:   145        SH:  0    Dex: 10    Spells: 3/3 levels left

rFire   . . .        a - +0 flail
rCold   . . .        c - +0 buckler
rNeg    . . .        k - +0 chain mail
rPois   .            (helmet restricted)
rElec   .            (no cloak)
rCorr   .            (no gloves)
SInv    .            i - +0 pair of boots
Will    .....        (no amulet) Stlth
                     (no ring)
HPRegen 0.26/turn    (no ring)
MPRegen 0.08/turn

%: no passive effects
@: confused
A: horns 2, retaliatory headbutt
a: no special abilities


You were on level 3 of the Dungeon.
You visited 1 branch of the dungeon, and saw 3 of its levels.

You collected 145 gold pieces.

Inventory:

Hand Weapons
 a - a +0 flail (weapon)
Armour
 b - a +0 scale mail
 c - a +0 buckler (worn)
 i - a +0 pair of boots (worn)
 k - a +0 chain mail (worn)
Scrolls
 j - 2 scrolls of identify
 m - a scroll of blinking {unknown}
 o - a scroll of noise {unknown}
Potions
 d - a potion of might
 e - 2 potions of curing
 f - a potion of invisibility {unknown}
 g - a potion of heal wounds {unknown}
 h - a potion of haste {unknown}
 l - 2 potions of lignification {unknown}
 n - a potion of brilliance {unknown}
 p - a potion of degeneration {unknown}


   Skills:
 + Level 4.3 Fighting
 + Level 3.3 Maces & Flails
 + Level 4.8 Armour
 + Level 0.2 Dodging
 + Level 4.0 Shields


You had 3 spell levels left.
You didn't know any spells.
Your spell library contained the following spells:

 Spells                   Type           Power      Damage    Failure   Level
 Hailstorm                Conj/Ice       0%         3d5       100%        3
 Inner Flame              Hex/Fire       0%         N/A       100%        3
 Summon Ice Beast         Ice/Summ       0%         N/A       100%        3
 Flame Wave               Conj/Fire      0%         2d4       100%        4
 Sticky Flame             Fire/Alch      0%         2d4       100%        4
 Sculpt Simulacrum        Ice/Alch       0%         N/A       100%        6


Dungeon Overview and Level Annotations

Branches:
Dungeon (3/15)

Altars:

Shops:
D:2 (


Innate Abilities, Weirdness & Mutations

You have a pair of horns on your head.
You reflexively headbutt those who attack you in melee.


Message History

You are frozen.
The endoplasm hits you but does no damage.
You hit the orc. You headbutt the orc.
The orc is heavily wounded.
The orc wizard hits you with a +0 dagger.
* * * LOW HITPOINT WARNING * * *
The endoplasm freezes you.
You are frozen.
* * * LOW HITPOINT WARNING * * *
The orc barely misses you.
You sock the endoplasm!
You kill the endoplasm!
You block the orc wizard's attack. The orc hits you but does no damage.
You sock the orc!
You kill the orc!
You block the orc wizard's attack. The orc hits you but does no damage.
Unknown command.
You closely miss the orc wizard.
The orc wizard is heavily wounded.
The orc wizard casts a spell at you.
You are confused.
The orc hits you but does no damage. The orc hits you with a +0 dagger.
* * * LOW HITPOINT WARNING * * *
The rat bites you but does no damage.
The orc wizard hits you with a +0 dagger.
* * * LOW HITPOINT WARNING * * *
You miss the orc wizard.
The orc wizard is heavily wounded.
The orc wizard hits you but does no damage.
The rat bites you but does no damage. The orc hits you but does no damage.
Unknown command.
The orc hits you but does no damage.
Things that are here:
a +0 dagger; a +0 robe You barely miss the orc.
The orc is heavily wounded.
The orc hits you with a +0 dagger.
* * * LOW HITPOINT WARNING * * *
The rat bites you.
You die...

.... ##. ...#. ). #
..... .. .. ...
.#..# #.. .... #
#.##..# #. #.o..#
#.##or# #####....@#
......#..## #
.####...#### .#
...........##..###
.....##....<#.....
.....#...>†........
....%....†..#.#.#.#
#####.....†........
#.......#.#.#.#


You could see an orc wizard, an orc and a rat.

Vanquished Creatures
  An orc wizard (D:3)
  3 adders
  An orc (D:3)
  3 bats (D:2)
  3 endoplasms
  2 giant cockroaches
  A goblin (D:2)
  7 hobgoblins
  A quokka (D:1)
  A ball python (D:2)
  2 frilled lizards
  5 kobolds
  3 rats (D:2)
33 creatures vanquished.

Notes
Turn   | Place    | Note
-------+----------+-------------------------------------------
     0 | D:1      | Silvore the Minotaur Fighter began the quest for the Orb.
     0 | D:1      | Reached XP level 1. HP: 19/19 MP: 0/0
   904 | D:2      | Found a faded altar of an unknown god.
   912 | D:2      | Reached XP level 2. HP: 27/27 MP: 1/1
  1117 | D:2      | Found Laffel's Weapon Emporium.
  1129 | D:2      | Identified the +2 robe "Aschataor" {Dex+3 SInv Stlth+}
  1177 | D:2      | Reached XP level 3. HP: 32/33 MP: 2/2
  1742 | D:3      | Reached XP level 4. HP: 37/41 MP: 3/3
  1755 | D:3      | HP: 2/41 [orc/+0 dagger (2)]
  1755 | D:3      | Slain by a rat

Illustrated notes

Levels and vault maps discovered:
D:1:      elethiomel_arrival_infinity_welcomes_careful_drivers,
          layout_loops_corners
D:2:      layout_loops_corners, ebering_ecumenical_altar_ruins, serial_shops,
          shop, minmay_vboxes
D:3:      layout_rooms, serial_glass, glass_columns_a, glass_columns_c,
          due_unseen_surprise, item_on_display_b, feat_on_display

Skill      XL: |  1  2  3 |
---------------+----------+-----
Armour         | 4 |  4.8
Shields        | 4 |  4.0
Fighting       | 4 |  4.3
Maces & Flails | 3 |  3.3
Dodging        | |  0.2

Action                     |  1- 3 |  4- 6 || total
---------------------------+-------+-------++-------
  Melee: Flail             |    63 |    12 ||    75
         Headbutt          |     9 |     1 ||    10
    Use: Scroll            |     3 |       ||     3
 Armour: Scale mail        |    24 |       ||    24
         Chain mail        |    38 |    28 ||    66
  Dodge: Dodged            |    29 |     2 ||    31
  Block: Buckler           |    22 |     3 ||    25
